 Dungeon Crawl Stone Soup version 0.18-a0-1273-g8ec5f8e (webtiles) character file.

2567 Motquri the Fighter (level 9, 57/62 HPs)
             Began as a Gargoyle Berserker on Feb 7, 2016.
             Was an Elder of Trog.
             Got out of the dungeon alive.
             The game lasted 00:24:18 (4158 turns).

Motquri the Fighter (Gargoyle Berserker)            Turns: 4158, Time: 00:24:19

Health: 57/62      AC: 10    Str: 24    XL:     9   Next: 57%
Magic:  9/9        EV:  9    Int:  8    God:    Trog [****..]
Gold:   87         SH: 10    Dex:  9    Spells: 0 memorised, 8 levels left

rFire  + . .     SeeInvis .     a - +0 flail
rCold  . . .     Gourm    .     y - +1 leather armour {MR+}
rNeg   + . .     Faith    .     q - +0 shield
rPois  ∞         Spirit   +     (no helmet)
rElec  +         Dismiss  .     (no cloak)
rCorr  .         Reflect  .     (no gloves)
SustAt .         Harm     .     (no boots)
MR     +....                    h - amulet of guardian spirit
Stlth  +.........               (no ring)
                                A - ring of protection from fire

@: somewhat resistant to hostile enchantments, very unstealthy
A: negative energy resistance 1, electricity resistance, unbreathing,
petrification resistance, rot immunity, AC +5
a: Berserk, Trog's Hand, Brothers in Arms, Burn Spellbooks, Renounce Religion


You escaped.
You worshipped Trog.
Trog was greatly pleased with you.
You were not hungry.

You visited 1 branch of the dungeon, and saw 9 of its levels.

You collected 337 gold pieces.
You spent 250 gold pieces at shops.

Inventory:

Hand Weapons
 a - a +0 flail (weapon)
 B - a +0 whip
 D - a +0 blowgun
Missiles
 i - 59 poisoned needles
 C - 3 curare-tipped needles
Armour
 p - a +0 chain mail
 q - a +0 shield (worn)
 y - a +1 leather armour of magic resistance (worn)
Jewellery
 h - an amulet of guardian spirit (around neck)
 A - a ring of protection from fire (left hand)
Wands
 F - a wand of digging (11/24)
Scrolls
 d - a scroll of teleportation
 g - a scroll of magic mapping
 j - a scroll of amnesia
 k - a scroll of enchant armour
 m - a scroll of blinking {unknown}
 n - 2 scrolls of noise
 o - 4 scrolls of remove curse
 s - a scroll of fog
 t - a scroll of enchant weapon
Potions
 e - a potion of cure mutation {unknown}
 f - a potion of flight
 r - 3 potions of curing {unknown}
 u - 2 potions of degeneration {unknown}
 v - 2 potions of might {unknown}
 x - a potion of berserk rage {unknown}
 z - a potion of haste {unknown}
 E - a potion of brilliance {unknown}
Comestibles
 c - 8 bread rations
 l - 2 beef jerkies
 w - a royal jelly
 G - a slice of pizza
 H - a meat ration


   Skills:
 + Level 10.3 Fighting
 + Level 6.7 Maces & Flails
 + Level 5.4 Armour
 - Level 1.5 Dodging
 + Level 5.1 Shields


You had 8 spell levels left.
You didn't know any spells.

Dungeon Overview and Level Annotations

Branches:
Dungeon (9/15)
 Temple: D:4-7         Lair: D:8-11         Orc: D:9-12

Altars:
Okawaru
Pakellas
Sif Muna
Trog
Zin

Shops:
D:7 =

Annotations:
D:8 4 runed doors


Innate Abilities, Weirdness & Mutations

You are resistant to torment.
Your stone body is resilient (AC +5).
You are immune to poison.
You resist negative energy.
You are resistant to electric shocks.
You can survive without breathing.
You are immune to petrification.
You are immune to rotting.


Message History

You see here a stone.
There is a stone staircase leading up here.
You climb upwards.
There is a stone staircase leading down here.
(D) Dungeon
Where to? (Enter - D:2, ? - help)
There is a stone staircase leading up here.
You climb upwards.
There is a stone staircase leading down here.
(D) Dungeon
Where to? (Enter - D:1, ? - help)
Okay, then.
You see here a hand axe.
There is a dry fountain here.
You enter the shallow water.
Moving in this stuff is going to be slow.
Unknown command.
There is a staircase leading out of the dungeon here.
Are you sure you want to leave the Dungeon?
This will make you lose the game!
You have escaped!

#.'.......#....... ####.......
###.......#.##.#.##############
#.......#.. ####.........###
#.......# ##...............
#......## #......⌠...⌠.....
#......# ##...⌠.........⌠..
#......... #.........≈.......
#......##.##...⌠...........⌠.
#........ .#@.....≈.....≈....
######.##..#...⌠...........⌠.
.#... .#.........≈.......
####.#.###.##...⌠.........⌠.(
#..........##......⌠...⌠.....
###...#####..###...............
#.'............####.........###
#.#.#...##.#...#.# #########
#.#.#...#......#.# ########


There were no monsters in sight!

Vanquished Creatures
  A two-headed ogre (D:9)
  Grinder (D:3)
  2 hippogriffs (D:7)
  2 sky beasts (D:5)
  3 ogres
  A centaur (D:6)
  5 big kobolds (D:6)
  2 scorpions
  3 electric eels (D:6)
  A crimson imp (D:5)
  A giant frog zombie (D:5)
  2 giant frog skeletons
  A jelly (D:5)
  5 hounds
  A gnoll shaman (D:6)
  An iguana (D:7)
  3 worker ants
  A killer bee zombie (D:7)
  A worker ant zombie (D:6)
  14 gnolls
  8 adders
  A shadow imp (D:6)
  An ooze (D:5)
  An adder skeleton (D:7)
  4 giant geckos
  6 orcs
  2 ball pythons
  7 giant cockroaches
  35 goblins
  26 hobgoblins
  7 jackals (D:2)
  2 quokkas (D:5)
  6 bats
  7 giant newts
  5 kobolds
  8 rats
177 creatures vanquished.

Vanquished Creatures (others)
  A wizard (D:5)
1 creature vanquished.

Grand Total: 178 creatures vanquished

Notes
Turn   | Place    | Note
--------------------------------------------------------------
     0 | D:1      | Motquri the Gargoyle Berserker began the quest for the Orb.
     0 | D:1      | Reached XP level 1. HP: 14/14 MP: 1/1
    27 | D:1      | Reached XP level 2. HP: 16/20 MP: 2/2
   143 | D:1      | Reached skill level 4 in Fighting
   260 | D:1      | Reached XP level 3. HP: 20/24 MP: 3/3
   308 | D:1      | Reached ** piety under Trog
   649 | D:2      | Found an iron altar of Okawaru.
   717 | D:2      | Reached XP level 4. HP: 30/30 MP: 2/4
   775 | D:3      | Reached skill level 5 in Fighting
  1222 | D:3      | Reached *** piety under Trog
  1256 | D:3      | Noticed Grinder
  1256 | D:3      | Paralysed by Grinder for 4 turns
  1284 | D:3      | Killed Grinder
  1284 | D:3      | Reached skill level 6 in Fighting
  1284 | D:3      | Reached XP level 5. HP: 31/37 MP: 5/5
  1284 | D:3      | Reached XP level 6. HP: 35/42 MP: 6/6
  1815 | D:5      | Entered Level 5 of the Dungeon
  1822 | D:5      | Found a bloodstained altar of Trog.
  1823 | D:5      | Noticed a wizard
  1828 | D:5      | Killed a wizard
  1867 | D:5      | Reached skill level 7 in Fighting
  1989 | D:5      | Found a glowing silver altar of Zin.
  1996 | D:5      | Reached XP level 7. HP: 42/48 MP: 7/7
  2038 | D:5      | Found an oddly glowing altar of Pakellas.
  2203 | D:5      | Reached skill level 8 in Fighting
  2328 | D:5      | Reached skill level 1 in Shields
  2614 | D:6      | Found a deep blue altar of Sif Muna.
  2711 | D:6      | Reached skill level 5 in Maces & Flails
  2711 | D:6      | Reached XP level 8. HP: 16/55 MP: 1/8
  2848 | D:6      | Reached skill level 9 in Fighting
  3231 | D:6      | Reached **** piety under Trog
  3496 | D:6      | Reached XP level 9. HP: 62/62 MP: 6/9
  3606 | D:7      | Reached skill level 10 in Fighting
  3798 | D:7      | Found Toit's Jewellery Shop.
  3803 | D:7      | Bought an uncursed ring of protection from fire for 250 gold pieces
  3822 | D:7      | Reached skill level 5 in Armour
  3897 | D:8      | Found a huge runed gate.
  3897 | D:8      | Found a huge runed gate.
  3898 | D:8      | Noticed a polar bear
  3899 | D:8      | Noticed a polar bear
  3900 | D:8      | Found a huge runed gate.
  3900 | D:8      | Noticed a griffon
  3900 | D:8      | Noticed a polar bear
  3901 | D:8      | Noticed a polar bear
  3902 | D:8      | Found a huge runed gate.
  3903 | D:8      | Noticed a polar bear
  3909 | D:9      | Noticed a two-headed ogre
  3919 | D:9      | Killed a two-headed ogre
  3919 | D:9      | Reached skill level 5 in Shields
  4158 | D:$      | Got out of the dungeon alive.

Vault maps used:
D:1:      dpeg_arrival_stone_temple_mockup
D:2:      okawaru_trees_1
D:3:      first_bread, uniq_grinder
D:4:      minitemple, uniq_edmund
D:5:      lemuel_crystal_altar, grunt_pakellas_basics, serial_shops,
          kennysheep_mini, moated_statue, trog_wizard
D:6:      minmay_goblin_kobold_castle, led_sif_pool, kennysheep_generic_room_5
D:7:      minmay_temple_entry_water_ring, serial_glass, glass_columns_a,
          glass_columns_a, glass_columns_a, glass_columns_a, item_on_display_a,
          item_on_display_a, item_on_display_a, serial_shops,
          nicolae_shop_trees, kennysheep_generic_room_16
D:8:      lemuel_bear_cage, hangedman_tree_tricks
D:9:      fedhas_altar_3, dpeg_oklobed_lair, grunt_ministairs_7, uniq_erolcha,
          uniq_erica, uniq_gastronok

Action                   |  1- 3 |  4- 6 |  7- 9 || total
-------------------------+-------+-------+-------++-------
Melee: Mace              |   105 |   101 |       ||   206
       Whip              |       |    66 |   269 ||   335
       Flail             |       |       |   283 ||   283
 Fire: Blowgun           |       |       |     1 ||     1
Invok: Berserk           |     2 |       |     9 ||    11
       Trog's Hand       |       |     1 |     9 ||    10
  Use: Scroll            |       |     6 |     6 ||    12
       Potion            |       |       |     1 ||     1
 Stab: Sleeping          |       |     2 |       ||     2
  Eat: Chunk             |       |     6 |    13 ||    19
       Meat ration       |       |       |     1 ||     1
       Beef jerky        |       |       |     1 ||     1
